[Event "Czech Open-Rapid 2022"]
[Site "Pardubice"]
[Date "2022.07.20"]
[Round "3.41"]
[White "Kovalskyi, Roman"]
[Black "Modrova, Hana"]
[Result "1-0"]
[ECO "B07"]
[WhiteElo "2056"]
[BlackElo "1803"]
[Annotator "TA"]
[PlyCount "57"]
[EventDate "2022.07.20"]
[EventType "swiss"]
[EventCountry "CZE"]
[SourceTitle "playchess.com"]
[Source "ChessBase"]
[SourceQuality "1"]
[TimeControl "1200+10"]

1. e4 d6 2. d4 Nf6 3. Nc3 c6 4. a4 Bg4 5. Nge2 {[%emt 0:00:06] [#]} e6 $146 (5... e5 $14) ({Predecessor:} 5... e5 6. h3 Bxe2 7. Bxe2 Nbd7 8. O-O Be7 9. Be3 O-O 10. Qd2 h6 11. Kh1 Nxe4 12. Nxe4 f5 13. dxe5 dxe5 14. Rad1 Nb6 15. Qxd8 Rfxd8 16. Bc5 {1-0 (16) Kalvaitis,S (2310)-Kasparavicius,L (2113) Palanga 2011}) 6. h3 {[%emt 0:00:01] B07: Pirc Defence: Miscellaneous Systems.} (6. f3 $16 Bh5 7. Nf4) 6... Bh5 7. Be3 (7. g4 $14 Bg6 8. Bg2) 7... Be7 (7... Bg6 $11) 8. f4 ({White should try} 8. f3 $14) 8... Nbd7 (8... Bg6 $1 $11 {keeps the balance.}) 9. g4 $16 Bxg4 (9... Bg6 $16 {was necessary.}) 10. hxg4 $18 Nxg4 11. Qd3 Bh4+ {[%emt 0:00:07] [#]} 12. Kd2 (12. Kd1 $1 $18) 12... Bf2 $14 13. Nd1 Bxe3+ {[%emt 0:00:19][%mdl 64] Remove Defender, Deflection} 14. Nxe3 (14. Ke1 $1 $14) 14... Nf2 $1 $17 15. Qb3 Qa5+ 16. c3 Nxh1 17. Bg2 Nf2 {[%emt 0:00:09] Strongly threatening ...Nf6.} 18. Rf1 {[%emt 0:00:01] [#]} Nxe4+ $1 19. Bxe4 c5 $2 (19... Qc7 $17 {stays on course.}) 20. Nc4 $36 {[%emt 0:01:34][%cal Be3c4,Bc4d6,Bd6b7][%mdl 2080] White is really pushing.} ({And not} 20. Qxb7 Rb8 21. Qc6 Rxb2+ 22. Bc2 Qb6 $15) 20... Qc7 {[%emt 0:00:22] Hoping for ...d5.} 21. Qxb7 {[%emt 0:00:02][%mdl 64] Overworked Piece. 0x0.00144bc8a5e0dp-1022s more active pieces. The black rooks are badly placed.} Qxb7 22. Nxd6+ {[%emt 0:00:01][%mdl 64] Pin, Double Attack} ({But not} 22. Bxb7 $6 Rb8 $11) 22... Ke7 23. Nxb7 {[%emt 0:00:03] Pair of Knights!} cxd4 {[%emt 0:00:10] This move loses the game for Black.} (23... Rac8 $16 {is a better defense.} 24. f5 exf5 25. Bxf5 (25. Rxf5 g6 $16) 25... Rc7) 24. Nxd4 $18 f5 25. Bf3 Rac8 $2 (25... Kf6 {might work better.} 26. b4 Rac8) 26. Re1 {[%emt 0:00:09][%csl LRe6,LRf5] White is clearly winning.} Nf8 27. Nxf5+ Kf6 28. Nfd6 Rc7 (28... Ra8 $142 29. c4 Ng6) 29. Ne8+ {Weighted Error Value: White=0.37/Black=0.58} 1-0

[Event "Czech Open-Rapid 2022"]
[Site "Pardubice"]
[Date "2022.07.20"]
[Round "3.42"]
[White "Kokes, Bohuslav"]
[Black "Alieksieienko, Mykhail"]
[Result "1-0"]
[ECO "B34"]
[WhiteElo "1909"]
[BlackElo "1610"]
[Annotator "TA"]
[PlyCount "91"]
[EventDate "2022.07.20"]
[EventType "swiss"]
[EventCountry "CZE"]
[SourceTitle "playchess.com"]
[Source "ChessBase"]
[SourceQuality "1"]
[TimeControl "1200+10"]

1. e4 c5 2. Nf3 Nc6 3. d4 cxd4 4. Nxd4 Nf6 5. Nc3 e5 6. Ndb5 d6 7. a4 a6 8. Na3 Bg4 9. f3 {[%emt 0:00:20] 9.Be2 gains popularity.} Be6 10. Bc4 {[%emt 0:00:08] Against d5. B33: Sicilian: Pelikan and Sveshnikov Variations.} Be7 11. O-O O-O 12. Kh1 {[%emt 0:00:05] [#] White is slightly better.} Bxc4 $146 (12... Nb4 $11 {keeps the balance.}) ({Predecessor:} 12... Rc8 13. b3 Nb4 14. Bb2 Rc7 15. Qe2 h5 16. Rad1 h4 17. Bxe6 fxe6 18. Nc4 Nc6 {½-½ (44) Romieux,S (2196)-Tirard,H (2421) Cap d'Agde 2003}) 13. Nxc4 $16 Rc8 {[%emt 0:00:06] [#]} 14. a5 $1 Nd4 15. Nb6 Rc6 16. Be3 Ne6 17. Ncd5 {[%emt 0:00:17] White is more active.} Nc5 18. Nxe7+ Qxe7 19. Bg5 Ncd7 20. Nxd7 Qxd7 21. Bxf6 gxf6 22. f4 (22. Qd3 $16) 22... Rc4 23. Qh5 {[%emt 0:01:06] Black must now prevent Ra3.} Rxe4 24. Ra3 $36 {[%emt 0:00:02][%mdl 2048] Intending Rg3+ and mate. White has good play.} Qb5 $2 {[%emt 0:00:53] [#]} (24... Rxf4 25. Rg3+ Rg4 26. Rxg4+) (24... exf4 $11 {and Black has nothing to worry.} 25. Rh3 Rfe8) 25. Rg1 $2 (25. Rg3+ $1 $18 Kh8 26. Rg1) 25... exf4 $17 26. Qf3 (26. Qxb5 $17 {keeps fighting.} axb5 27. Rd3) 26... Re3 ({Inferior is} 26... Qxb2 27. Qg4+ Kh8 28. Rh3 $17) (26... Rfe8 $19 27. Qc3 R8e5) 27. Qxf4 Rxa3 28. bxa3 $15 {[%emt 0:00:01][%mdl 4096] Endgame KQR-KQR} Qe5 ({Of course not} 28... Qxa5 $6 29. Qxf6 Qe5 30. Qf3 $11) 29. Qb4 Rc8 $2 {[%emt 0:00:59][%mdl 8192] White stays focused until the end.} (29... Re8 $15) 30. Qg4+ $18 Qg5 31. Qxc8+ Kg7 32. Qxb7 Qxa5 33. Qb4 Qc7 34. Qg4+ Kf8 35. Qe4 Kg7 36. Rf1 Qc5 37. a4 d5 38. Qf5 Qd6 39. h3 d4 40. Rd1 {[%emt 0:00:04] White wants to mate with Qg4+.} h6 41. Qg4+ {[%emt 0:00:02] White mates.} Kh7 42. Qxd4 Qe6 43. c4 Kg7 44. c5 Qc6 45. Qd6 Qxa4 46. c6 {[%emt 0:00:01] Weighted Error Value: White=0.45/Black=0.47} 1-0

[Event "Czech Open-Rapid 2022"]
[Site "Pardubice"]
[Date "2022.07.20"]
[Round "3.43"]
[White "Juchelka, Marek"]
[Black "Bouska, Jiri"]
[Result "1/2-1/2"]
[ECO "B30"]
[WhiteElo "1803"]
[BlackElo "2157"]
[Annotator "TA"]
[PlyCount "141"]
[EventDate "2022.07.20"]
[EventType "swiss"]
[EventCountry "CZE"]
[SourceTitle "playchess.com"]
[Source "ChessBase"]
[SourceQuality "1"]
[TimeControl "1200+10"]

1. e4 c5 2. Nf3 Nc6 3. c3 d5 4. exd5 Qxd5 5. Be2 g6 (5... e5 $11) 6. O-O {[%emt 0:00:39] B22: Sicilian: 2 c3.} Bg7 {[%emt 0:00:03] Prevents d4.} 7. d3 Nf6 8. h3 O-O 9. Be3 {[%emt 0:00:02] [#]} Bf5 $146 ({Predecessor:} 9... b6 10. d4 cxd4 11. Nxd4 Ne5 12. Nf3 Bb7 13. Nh4 Qc6 14. Nf3 Nc4 15. Bxc4 Qxc4 16. Nfd2 Qc6 17. Nf3 Qb5 18. Bc1 Rad8 19. Nbd2 Bh6 20. Qc2 Rd3 21. Nd4 {0-1 (21) Lakota,I (1750)-Mrndjic,M (2154) Sarajevo 2018}) 10. Nh4 Be6 11. Nd2 Ne5 12. Nb3 b6 13. d4 cxd4 14. Nxd4 Rfd8 15. Qc1 Rac8 16. Nxe6 Qxe6 17. Nf3 Nxf3+ (17... Nc4 {is more complex.} 18. Re1 Nxe3 19. Ba6 Rc5) 18. Bxf3 Qf5 19. Re1 e5 20. Bg5 {[%emt 0:00:38][%cal Of3g4] A strong pair of Bishops.} Re8 21. Qe3 h6 (21... h5 $11) 22. Bxh6 $16 e4 23. Bxg7 (23. Bd1 {is interesting.} Nd5 24. Qg5 Bxh6 25. Qxh6 Qf4 26. Qxf4 Nxf4 27. Ba4) 23... Kxg7 24. Bd1 (24. Be2 $16) 24... Rcd8 $1 $11 25. Bc2 {[%emt 0:00:22] Against Rd3} (25. g4 {seems wilder.} Qb5 26. Rb1 Nd5 27. Qd4+) 25... Qb5 ({Better is} 25... Nd5 $1 $11 26. Qg3 (26. Qd4+ Nf6 $14) 26... Nf4) 26. b3 Qc6 27. Rad1 (27. c4 $16) 27... Rc8 (27... Nd5 $1 $11 {remains equal.} 28. Bxe4 Nxe3 29. Bxc6 Rxd1 30. Rxd1 Nxd1 31. Bxe8 Nxc3) 28. c4 $16 Re6 (28... b5 $142) 29. Bb1 Rce8 30. Rd4 Qc7 31. Qc3 Kg8 32. Re3 Qf4 33. Qe1 a5 34. Qe2 Re5 35. Rd6 R5e6 36. Rd4 (36. Rxe6 $16 Rxe6 37. Qe1) 36... Qe5 (36... Re5 $1 $11) 37. Qd2 Qc5 38. Qd1 Re5 39. Rd6 R5e6 40. Rd4 (40. Rxe6 $16 Rxe6 41. Qd2) 40... b5 (40... Re5 $1 $11 {keeps the balance.}) 41. Qd2 bxc4 42. Rxc4 Qg5 43. Qd4 Qf4 {[%emt 0:00:10] [#] aiming for ...Rd6.} 44. g3 Qf5 45. Kg2 R6e7 46. Rc5 Qe6 (46... Re5 $16 47. g4 Qf4) 47. Rxa5 Rd7 {[%emt 0:00:09] [#]} 48. Qc4 (48. Qb2 $142 $1) 48... Qe7 (48... Rd2 $16) 49. b4 Rb7 $2 (49... Qd8 {is a better defense.} 50. a3 (50. Bxe4 Rd4 $15) 50... Rd4) 50. b5 (50. Rc5 $142) 50... Rc7 51. Qb3 Qc5 52. Ra6 Qe5 53. b6 Rb7 54. Ra4 {[%emt 0:00:18] Inhibits Qd4.} Qc5 55. Rb4 {[%emt 0:00:03] Hoping for Rb5.} ({Resist} 55. Bxe4 Rxb6 56. Qc4 Qxc4 57. Rxc4 Rb2 $18) 55... Re6 56. Bxe4 ({Don't do} 56. Rc3 $6 Qd6 $16) 56... Rbxb6 57. Rxb6 Rxb6 58. Qd3 Rd6 59. Qe2 Qb4 60. Bd3 Kg7 61. Qc2 Qb7+ 62. Be4 Qb4 63. Bd3 Qb7+ $1 64. Be4 Qb4 $1 65. Bf3 Rd2 66. Qc3 (66. Qb3 $18 Qxb3 67. axb3) 66... Qxc3 67. Rxc3 {[%emt 0:00:02] a4 is the strong threat.} Rxa2 68. h4 Rb2 69. g4 Rb4 70. Kg3 ({White should try} 70. Kh3 $16) 70... Rxg4+ $1 $11 71. Bxg4 {[%emt 0:00:17] Weighted Error Value: White=0.24 (precise) /Black=0.35} 1/2-1/2

[Event "Czech Open-Rapid 2022"]
[Site "Pardubice"]
[Date "2022.07.20"]
[Round "3.44"]
[White "Vorel, Bohuslav"]
[Black "Postl, Petr"]
[Result "0-1"]
[ECO "B08"]
[WhiteElo "1605"]
[BlackElo "1900"]
[Annotator "TA"]
[PlyCount "80"]
[EventDate "2022.07.20"]
[EventType "swiss"]
[EventCountry "CZE"]
[SourceTitle "playchess.com"]
[Source "ChessBase"]
[SourceQuality "1"]
[TimeControl "1200+10"]

1. e4 d6 2. d4 Nf6 3. Nc3 g6 4. Nf3 Bg7 5. Be2 O-O 6. O-O c6 7. e5 {[%emt 0:01:01] B08: Pirc Defence: Classical System.} dxe5 8. dxe5 Ng4 9. Bf4 {[%emt 0:00:25] The position is equal.} Nd7 10. e6 $1 fxe6 11. Ng5 {[%emt 0:00:02][%csl LRe6,LRg4][%mdl 64] [#] Discovered Attack} Ndf6 $146 ({Predecessor:} 11... Nde5 12. Qxd8 Rxd8 13. Rad1 Rf8 14. Bg3 h6 15. Nge4 h5 16. Rfe1 Nh6 17. Nc5 b6 {1-0 (87) Klosterfrau (2627)-WieNie (2604) Playchess.com INT 2007}) 12. Bxg4 $18 Nxg4 13. Qxg4 e5 {[%emt 0:00:01] [#]} 14. Ne6 $2 (14. Qh4 $1 $18 h6 15. Bxe5 $1 hxg5 16. Qc4+ (16. Qxg5 $2 Rf5 $19) 16... Kh7 17. Rfe1) 14... exf4 15. Rfe1 (15. Qe2 $11 Bxe6 16. Qxe6+ Kh8 17. Rad1) 15... Bxc3 $17 16. bxc3 Qd6 (16... Qd5 $17 {White must now prevent ...Rf6.} 17. Qe2 Bxe6 18. Qxe6+ Qxe6 19. Rxe6 Rfe8) 17. Qe2 (17. Rad1 $11 {remains equal.} Bxe6 18. Rxe6) 17... Bxe6 18. Qxe6+ Qxe6 19. Rxe6 {[%emt 0:00:01][%mdl 4096] Endgame KRR-KRR} Kf7 20. Rae1 ({White should try} 20. Re4) 20... Rfe8 21. R6e4 {[%emt 0:00:30] [#]} e5 $1 22. Rxe5 Rxe5 23. Rxe5 {[%emt 0:00:02] KR-KR} Rd8 {[%emt 0:00:12] ( -> ...Rd1+)} 24. Kf1 Kf6 (24... Rd1+ $17 25. Re1 Rxe1+ 26. Kxe1 Ke6) 25. Re2 $2 (25. Re4 $15) 25... Rd5 $2 (25... Rd1+ $19 26. Re1 Rxe1+ 27. Kxe1 Ke5) 26. c4 $2 ({Better is} 26. Re4 $15) 26... Rd4 27. c5 Rc4 28. Re8 Rxc2 29. Rf8+ Ke6 30. Rxf4 Rxc5 {[%emt 0:00:03] Threatens to win with ...Rc1+.} ({Stronger than} 30... Rxa2 31. Rb4) 31. Re4+ Kd6 {[%emt 0:00:13] ...Rc1+ is the strong threat.} 32. Rb4 $2 (32. Rh4) 32... b5 $19 33. Rb2 Re5 34. Rd2+ Ke6 35. g3 g5 36. f3 a5 37. Kf2 b4 38. Rc2 Kd6 39. Rd2+ Rd5 40. Re2 a4 {[%emt 0:00:06] Quite a comeback for Black.  Weighted Error Value: White=0.57/Black=0.27 (precise)} 0-1

[Event "Czech Open-Rapid 2022"]
[Site "Pardubice"]
[Date "2022.07.21"]
[Round "4.1"]
[White "Korobov, Anton"]
[Black "Neuman, Petr"]
[Result "1-0"]
[ECO "A11"]
[WhiteElo "2692"]
[BlackElo "2378"]
[Annotator "TA"]
[PlyCount "115"]
[EventDate "2022.07.20"]
[EventType "swiss"]
[EventCountry "CZE"]
[SourceTitle "playchess.com"]
[Source "ChessBase"]
[SourceQuality "1"]
[TimeControl "1200+10"]

1. c4 c6 2. Nf3 d5 3. e3 Nf6 4. Nc3 a6 5. h3 g6 6. d4 Bg7 7. Bd3 O-O 8. O-O Bf5 {[%emt 0:00:16] 8...dxc4 is becoming the main line. D94: Grünfeld: 4 Nf3 Bg7 5 e3.} 9. Bxf5 gxf5 10. Qb3 Ra7 {[%emt 0:00:09] White is slightly better.} 11. Bd2 e6 12. Rfc1 Ne4 13. cxd5 cxd5 14. Na4 Nc6 {[%emt 0:01:29] [#]} 15. Bb4 $146 ({Predecessor:} 15. Be1 Kh8 16. Nc5 Qe7 17. Rc2 Rg8 18. Qb6 Nxc5 19. Qxc5 Qxc5 20. Rxc5 Bf8 21. Rc2 {½-½ (32) Ludvik,T (2202)-Malassagne,R (2305) Prague 2020}) 15... Re8 16. Bc5 Nxc5 17. Nxc5 Na5 18. Qa4 Re7 19. Ne5 Bxe5 20. dxe5 b6 21. Nd3 {[%emt 0:00:14] White is more active.} Rec7 22. Qf4 Rc4 (22... Nc6 $142) 23. Qg3+ $16 Kh8 24. b3 ({White should try} 24. Rxc4 $1 $16 Nxc4 25. b3) 24... Rxc1+ ({Better is} 24... Rcc7 $14) 25. Rxc1 (25. Nxc1 $6 Rc7 $11) 25... Rc7 26. Rd1 (26. Rxc7 $16 Qxc7 27. Nf4 Qc1+ 28. Kh2) 26... h6 27. Qf3 Nc6 28. Qf4 Kh7 29. Qa4 a5 30. Qb5 Qb8 31. f4 Na7 32. Qa4 Rc2 33. Ne1 Rc3 34. Nf3 (34. Qd4 $5 Nb5 35. Qd2 $15) 34... Qc7 (34... Qc8 $15) 35. Qe8 $11 Kg7 36. Kh2 {[%emt 0:00:48] Black must now prevent g4.} Nc6 37. g4 {[%emt 0:00:22] Strongly threatening gxf5.} fxg4 (37... Rxe3 $2 38. gxf5 $1 Nxe5 39. fxe5 $18 (39. f6+ $2 Kh7 $19)) 38. Rg1 $40 {[%emt 0:00:09][%mdl 128] Black needs to defend precisely.} h5 {[%emt 0:00:14] ...Qe7 is the strong threat.} (38... Rc2+ $2 39. Kh1 Nxe5 40. fxe5 $18 (40. Nxe5 Rc1 $16)) 39. hxg4 {[%emt 0:00:18][%cal Bh3g4,Bg4f5,Bf5g6][%mdl 32] Really sharp!} h4 40. Nxh4 {[%emt 0:00:12][%cal Oh4f5] Threatening mate with Nf5+!} Nxe5 41. Nf5+ (41. fxe5 $2 Qxe5+ 42. Kh1 Qe4+ 43. Kh2 Qe5+ 44. Kh1 Qe4+ 45. Kh2 Qxe3 46. Nf5+ exf5 47. gxf5+ Kf6 48. Qd8+ Kxf5 49. Qxd5+ Qe5+ 50. Qxe5+ Kxe5 $19) ({Not} 41. g5 $2 Rxe3 42. Nf5+ exf5 $19) 41... exf5 42. gxf5+ Ng6 $2 {[%emt 0:00:03][%mdl 8192] White stays focused until the end.} 43. fxg6 $18 {[%emt 0:00:38][%mdl 4096] Endgame KQR-KQR} f6 44. Rg3 $2 (44. Kg3 {Intending Rh1 and mate.} d4 45. Rh1 (45. Kh4 Rxe3 46. Qf7+ Qxf7 $19) 45... Rxe3+ 46. Qxe3 $3 dxe3 47. Rh7+ Kxg6 48. Rxc7) 44... Rc2+ {[%emt 0:00:04] [#]} 45. Kh3 $1 Qc8+ 46. Qxc8 Rxc8 {[%emt 0:00:01] KR-KR} 47. f5 Rc2 $2 (47... Re8 {is a better chance.} 48. Kg2 b5) 48. Kg4 {[%emt 0:00:31] White is clearly winning.} Rxa2 (48... Rc1 $142 49. e4 dxe4) 49. Rh3 {[%emt 0:00:00] Hoping for Rh7+.} Rg2+ 50. Kf3 Rg5 (50... Rc2 $142 51. Rh7+ Kg8) 51. Rh7+ (51. Kf4 $142 Rg1 52. Rh7+ Kg8 53. Rf7) 51... Kg8 52. Kf4 Rg1 53. Rf7 Rf1+ 54. Kg4 Rg1+ 55. Kh4 Rh1+ {[%emt 0:00:04] [#]} 56. Kg3 $1 Rb1 57. Rxf6 Rxb3 58. Kf4 {[%emt 0:00:06] Weighted Error Value: White=0.30/Black=0.25 (precise)} 1-0

[Event "Czech Open-Rapid 2022"]
[Site "Pardubice"]
[Date "2022.07.21"]
[Round "4.2"]
[White "Dobrowolski, Piotr"]
[Black "Donchenko, Alexander"]
[Result "0-1"]
[ECO "B12"]
[WhiteElo "2423"]
[BlackElo "2640"]
[Annotator "TA"]
[PlyCount "42"]
[EventDate "2022.07.20"]
[EventType "swiss"]
[EventCountry "CZE"]
[SourceTitle "playchess.com"]
[Source "ChessBase"]
[SourceQuality "1"]
[TimeControl "1200+10"]

1. e4 c6 2. d4 d5 3. e5 Bf5 4. Nf3 e6 5. Be2 Ne7 6. O-O c5 {[%emt 0:00:03] Recently 6...h6 got a lot of attention.} 7. Be3 {[%emt 0:00:30][%cal Bc1e3,Be3d4,Bd4c3][%mdl 32] B12: Caro-Kann: Advance Variation.} Nec6 8. c4 cxd4 9. Nxd4 {[%emt 0:00:22] The position is equal.} Nxd4 10. Bxd4 Nc6 11. cxd5 Qxd5 12. Bf3 Be4 13. Bxe4 Qxe4 14. Bc3 Be7 (14... Nxe5 $2 15. Re1 Qd3 16. Bxe5 $18) 15. Qb3 O-O-O 16. Nd2 Qf5 17. Nc4 {[%emt 0:01:12] [#]} Kb8 $146 ({Predecessor:} 17... Rd3 18. Qa4 Rhd8 19. Rac1 Kb8 20. Na5 Nxa5 21. Bxa5 b6 22. Rc6 R3d4 23. Qb5 Qe4 24. Bxb6 {1-0 (44) Prat Llables,J (2199)-Avila Jimenez,X (2220) Catalunya 2014}) 18. a4 (18. Rad1 $11) 18... Rd3 $15 {[%emt 0:02:16] ...Nd4 is the strong threat.} 19. a5 $2 ({White should try} 19. Qc2 $15) 19... Nd4 $19 20. Qa4 {[%emt 0:00:03] [#]} Ne2+ 21. Kh1 {[%emt 0:00:02] [#]} Rh3 $3 {[%emt 0:00:02][%mdl 512] Weighted Error Value: White=0.99/Black=0.02 (flawless)} 0-1

[Event "Czech Open-Rapid 2022"]
[Site "Pardubice"]
[Date "2022.07.21"]
[Round "4.3"]
[White "Harsha Bharathakoti"]
[Black "Blatny, Pavel"]
[Result "1-0"]
[ECO "A40"]
[WhiteElo "2547"]
[BlackElo "2325"]
[Annotator "TA"]
[PlyCount "120"]
[EventDate "2022.07.20"]
[EventType "swiss"]
[EventCountry "CZE"]
[SourceTitle "playchess.com"]
[Source "ChessBase"]
[SourceQuality "1"]
[TimeControl "1200+10"]

1. d4 b6 2. e4 Bb7 3. Bd3 e6 4. Nf3 g6 5. c4 Bg7 6. Nc3 {[%emt 0:00:04] B00: Queen's Fianchetto Defence, Nimzowitsch Defence.} d6 7. Be3 (7. Bg5 {with more complications.} Ne7 8. Qd2 Nd7 9. Bc2) 7... Nd7 8. Qc2 {[%emt 0:00:57] White is slightly better.} Ne7 9. h4 h6 {[%emt 0:00:02] [#]} 10. d5 $146 ({Predecessor:} 10. O-O-O a6 11. Kb1 c5 12. d5 e5 13. h5 g5 14. Ng1 Qb8 15. Nge2 Qc7 16. Ng3 {1-0 (44) Kashlinskaya,A (2494)-Hauge,L (2483) Chess.com INT 2021}) 10... e5 11. h5 Nf6 12. hxg6 fxg6 13. Be2 Qd7 14. O-O-O Ng4 15. c5 Nxe3 16. fxe3 bxc5 17. Bb5 c6 18. dxc6 Bxc6 19. Qb3 Rb8 20. Bxc6 Nxc6 21. Qd5 {[%emt 0:00:01] 0x0.002469ff42a8dp-1022s more active pieces.} Nb4 22. Qxd6 ({White should try} 22. Qc4 $1 $16) 22... Qxd6 $11 23. Rxd6 c4 $1 $36 {[%emt 0:00:16][%cal Bc5c4,Bc4d3][%mdl 2080] Black fights for an advantage.} 24. Ne1 {[%emt 0:00:09] Against Nd3+. Pair of Knights!} (24. Rxg6 Nd3+ 25. Kb1 (25. Kd1 $2 Kf7 $19) 25... Rxb2+ 26. Ka1 O-O $15) 24... O-O $1 25. a3 Nd3+ 26. Nxd3 cxd3 27. Nd1 {[%emt 0:00:01] Prevents Rf2.} Rfc8+ 28. Kb1 Rc2 29. Rxg6 Kh7 30. Rd6 Rxg2 31. Rxd3 (31. Rd7 {feels hotter.} Kg6 32. Rxd3 Rb7 33. Rd6+) 31... Rb7 {[%emt 0:00:06] Prevents Rd7.} 32. Rd6 Bf8 33. Ra6 Bg7 34. Rc6 Rb6 (34... Rg6 $14 35. Rc5 Rg2) 35. Rxb6 $16 axb6 {[%emt 0:00:01][%mdl 4096] Endgame KRB-KRN} 36. Nc3 Bf6 37. Nd5 Bg5 (37... Bd8 $142) 38. Nxb6 {[%emt 0:00:39] Strongly threatening Nd5.} Bxe3 39. Nc4 Bd4 40. a4 (40. b4 $142 $1) 40... Kg6 41. b4 (41. a5 $14) 41... h5 $2 (41... Rg3 $1 $11 {and Black is okay.}) 42. b5 $18 {[%emt 0:00:24] Threatens to win with b6.} Rg3 43. Ka2 {[%emt 0:00:40] Inhibits Rb3. aiming for b6.} ({Inferior is} 43. b6 Bxb6 44. Nxb6 (44. Nxe5+ Kg5 $11) 44... Rb3+ 45. Ka2 Rxb6 $11) 43... Rc3 44. Na5 Bf2 $2 (44... Bc5 {is a better defense.}) 45. Nc6 h4 46. Kb2 Rc5 47. Kb3 Kg5 48. Kb4 (48. Nb4 $142 Bd4 49. Nc6) 48... Kg4 $2 (48... Rc2 49. a5 (49. Nxe5 Re2 $16) 49... Kf4) 49. a5 (49. Rh2 $18 Rc2 50. Kb3 (50. Nxe5+ Kg3 $11)) 49... Kg3 $16 50. Ne7 (50. a6 $18 {is more deadly.} Rc2 51. Kb3 (51. Nxe5 Re2 $16)) 50... h3 51. b6 Rc2 52. Kb3 {[%emt 0:00:01] Against Rb2+} Rc5 {[%emt 0:00:08] [#]} 53. Kb4 (53. Ka4 $1 $18 {b7 is the strong threat.} Rc2 54. b7) 53... Rc2 $14 54. Nd5 {[%emt 0:00:29] And now Kb5 would win.} Kg2 $2 {[%emt 0:00:17] [#]} ({Black should play} 54... h2 $11) 55. Rxh3 $2 Kxh3 $11 56. a6 Ra2 57. Kb5 Kg4 $2 (57... Rb2+ $11 58. Kc6 Kg4) 58. Nb4 $18 {[%emt 0:00:08] White is clearly winning.} Ra1 59. b7 Ba7 60. Nc6 $1 Rb1+ {Weighted Error Value: White=0.28 (precise) /Black=0.26 (precise)} 1-0

[Event "Czech Open-Rapid 2022"]
[Site "Pardubice"]
[Date "2022.07.21"]
[Round "4.4"]
[White "Pulpan, Jakub"]
[Black "Mojzis, Jaroslav"]
[Result "1-0"]
[ECO "C54"]
[WhiteElo "2424"]
[BlackElo "2108"]
[Annotator "TA"]
[PlyCount "125"]
[EventDate "2022.07.20"]
[EventType "swiss"]
[EventCountry "CZE"]
[SourceTitle "playchess.com"]
[Source "ChessBase"]
[SourceQuality "1"]
[TimeControl "1200+10"]

1. e4 e5 2. Nf3 Nc6 3. Bc4 Bc5 4. c3 Nf6 5. d3 d6 6. O-O h6 7. Nbd2 O-O {[%emt 0:00:07] C54: Giuoco Piano: 4 c3 Nf6, main lines with 5 d4 and 5 d3.} 8. Re1 Re8 9. Nf1 Be6 {[%emt 0:01:00] White is slightly better.} 10. Bb5 Bd7 (10... a6 $5 11. Bxc6 bxc6 $11) 11. Ng3 {[%emt 0:00:32] [#]} a6 $146 ({Predecessor:} 11... Ne7 12. Bxd7 Qxd7 13. d4 Bb6 14. dxe5 Ng4 15. Rf1 Ng6 16. exd6 cxd6 17. h3 Nf6 18. Nd2 Rad8 {1-0 (58) Ruppert,H (1162)-Coskun,E (1015) Bad Soden 2018}) 12. Ba4 b5 13. Bb3 a5 14. a4 b4 15. h3 Qb8 16. d4 Ba7 17. Bc4 ({Better is} 17. Be3 $16) 17... bxc3 $11 18. bxc3 exd4 19. cxd4 {[%emt 0:04:22] [#]} (19. Bd2 $1 $11) 19... Qb4 $1 $17 ({Resist} 19... Qb6 20. Be3 Qb8 21. Qd2 Nxe4 22. Nxe4 Rxe4 23. Bd5 $16) 20. Qd3 {[%emt 0:02:38] [#] Ba3 is the strong threat.} Nxd4 $1 21. Ba3 (21. Bd2 Nxf3+) 21... Nxf3+ 22. gxf3 Qb6 ({Worse is} 22... Qxa4 23. Bxd6 Qc6 24. Bf4 $15) 23. Ra2 {[%emt 0:01:26][%mdl 8192] [#]} (23. Re2 $17 {might work better.}) 23... Qd4 $2 (23... d5 $1 $19 24. Bb3 c5 25. Bxd5 Nxd5 26. Qxd5 Be6) 24. Qxd4 Bxd4 25. Kg2 (25. Ne2 $142 Bb6 26. Bb2) 25... Be6 (25... d5 $142 26. Ne2 dxc4 27. Nxd4 Bxa4) 26. Rc1 Bxc4 27. Rxc4 Bb6 28. Nf5 Nd7 29. Bb2 Ne5 30. Bxe5 Rxe5 31. Rb2 $2 (31. f4 $17 {keeps fighting.} Ree8 32. Ra3) 31... d5 $19 32. Rc6 dxe4 33. fxe4 Rxe4 34. Rb3 Rd8 ({Don't go for} 34... Rxa4 $2 35. Rg3 g6 36. Ne7+ Kg7 37. Nd5 $19) 35. Rg3 g6 {[%emt 0:00:50] Threatens to win with ...Rd2.} 36. Nxh6+ Kf8 $2 (36... Kg7 $19 37. Nf5+ Kh7) 37. Rc2 $2 (37. Rf3 $17 Kg7 38. Nxf7) 37... Rf4 38. Ng4 Rdd4 39. Ne5 Rxa4 40. Rd2 Rad4 41. Rc2 Rd5 42. Rg5 Rf5 43. Rxf5 gxf5 {[%emt 0:00:02][%mdl 4096] Endgame KRB-KRN} 44. f4 (44. Nc4) 44... a4 45. Ra2 Ra5 46. Ra3 Bc5 $2 (46... Bd4 $19 {and Black stays clearly on top. Strongly threatening ...Bb2.} 47. Nc4 Bc5) 47. Nd7+ $17 Ke7 (47... Kg7 $5 48. Nxc5 Rxc5 49. Rxa4 Rc2+ 50. Kf3 Rc3+ 51. Kg2 Kg6 $15) 48. Nxc5 Rxc5 49. Rxa4 $15 {[%emt 0:00:00] KR-KR} Rc2+ 50. Kg3 Rc3+ 51. Kg2 c5 52. Ra7+ (52. h4 $11) 52... Ke6 (52... Kf6 $17) 53. h4 $11 Rb3 54. h5 c4 55. h6 c3 56. Rc7 Rb8 57. Rxc3 Rh8 58. Rc7 Kf6 59. Rc6+ Ke7 60. Ra6 Rh7 61. Kf3 Kf8 $2 (61... Rh8 $11 {and Black stays safe.}) 62. Ke3 (62. Kg3 $18 {is the precise move to win. Black must now prevent Kh4.} f6 63. Rxf6+ Kg8 64. Kh4) 62... Kg8 $2 (62... Ke7 $16) 63. Ra8# {Quite a comeback for White.  Weighted Error Value: White=0.34/Black=0.60} 1-0